 Dungeon Crawl Stone Soup version 0.28.0-53-g5a82cb258f (webtiles) character file.

Game seed: 14198219889637426319

415 unlimited1921 the Magician (level 7, -18/45 HPs)
             Began as a Djinni Fire Elementalist on June 21, 2022.
             Killed from afar by an acid dragon (36 damage)
             ... with a splash of acid
             ... on level 5 of the Dungeon.
             The game lasted 00:18:35 (7273 turns).

unlimited1921 the Magician (DjFE)                   Turns: 7273, Time: 00:18:35

Health: -18/45     AC:  0    Str:  7    XL:     7   Next: 15%
Gold:   71         EV: 16    Int: 24    God:
                   SH:  0    Dex: 14

rFire   + + .      SeeInvis .   v - +1 mace (holy)
rCold   x . .      Faith    .   (no shield)
rNeg    . . .      Spirit   .   F - +1 robe {Will+}
rPois   ∞          Reflect  .   (no helmet)
rElec   .          Harm     .   (no cloak)
rCorr   .          Rampage  .   (no gloves)
Will    +....                   (boots unavailable)
Stlth   ++........              d - amulet of the acrobat
HPRegen 0.15/turn               e - +6 ring of intelligence
MPRegen 0.00/turn               u - +4 ring of evasion

@: corroded, flying
A: sickness immunity, fire resistance 2, cold vulnerability 1, float, innate
caster, HP casting, extra vitality 1
a: no special abilities


You were on level 5 of the Dungeon.
You visited 1 branch of the dungeon, and saw 5 of its levels.

You collected 225 gold pieces.
You spent 154 gold pieces at shops.

Inventory:

Hand Weapons
 f - a +0 short sword of distortion
 k - a +0 hand axe
 q - a +0 rapier
 v - a +1 mace of holy wrath (weapon)
 A - a +0 war axe
Missiles
 g - 39 stones
 i - 42 bolts
 x - a throwing net
 y - 2 boomerangs (quivered)
Armour
 a - a +0 robe
 j - a +0 leather armour
 l - a +0 ring mail
 F - a +1 robe of willpower (worn)
Jewellery
 d - an amulet of the acrobat (around neck)
 e - a +6 ring of intelligence (left hand)
 s - a ring of protection from cold
 u - a +4 ring of evasion (right hand)
Wands
 n - a wand of polymorph (10)
Scrolls
 b - a scroll of fog {unknown}
 c - a scroll of amnesia {unknown}
 h - 2 scrolls of vulnerability {unknown}
 m - a scroll of enchant weapon {unknown}
 p - a scroll of immolation {unknown}
 r - a scroll of magic mapping {unknown}
 t - 2 scrolls of fear
 C - a scroll of summoning {unknown}
 D - a scroll of torment {unknown}
 E - a scroll of holy word {unknown}
Potions
 o - a potion of might
 w - a potion of experience {unknown}
 z - 2 potions of heal wounds
 B - a potion of brilliance {unknown}


   Skills:
 + Level 0.6 Short Blades
 + Level 0.1 Throwing
 + Level 2.4 Armour
 + Level 2.4 Dodging
 + Level 2.3 Stealth
 + Level 5.0 Spellcasting


You couldn't memorise any spells.
You knew the following spells:

 Your Spells              Type           Power      Damage    Failure   Level
a - Foxfire               Conj/Fire      100%       2x1d9     1%          1
b - Scorch                Fire           60%        2d8       1%          2
c - Conjure Flame         Conj/Fire      30%        6-21      3%          3
d - Inner Flame           Hex/Fire       30%        N/A       3%          3
e - Flame Wave            Conj/Fire      30%        2d8       11%         4
f - Magic Dart            Conj           100%       1d8       1%          1
g - Ensorcelled Hibernat  Hex/Ice        60%        N/A       1%          2
h - Mephitic Cloud        Conj/Pois/Air  30%        N/A       3%          3
Your spell library was empty.

Dungeon Overview and Level Annotations

Branches:
Dungeon (5/15)
 Temple: D:4-7

Altars:
Okawaru

Shops:
D:3 ![*(?


Innate Abilities, Weirdness & Mutations

You are immune to sickness and miasma.
You are immune to poison.
Your flesh is very heat resistant. (rF++)
You are vulnerable to cold. (rC-)
You float through the air rather than walking.
You learn spells naturally, not from books.
Your magical power is your life essence.
You have superior vitality. (+4 MHP)


Message History

The adder is heavily wounded.
Casting: Foxfire (safe; 1% risk of failure)
Confirm with . or Enter, or press ? or * to list all spells.
You conjure some foxfire!
The foxfire hits the adder!
You kill the adder!
Your Spellcasting skill increases to level 5!
You start resting.
Your foxfire dissipates!
You start resting.
Your foxfire dissipates! x2
You start resting.
HP restored.
You start waiting.
Done waiting.
You see here a +0 spear.
z - 3 potions of heal wounds (gained 1)
You now have 71 gold pieces (gained 14).
Found a stone staircase leading down.
An acid dragon comes into view.
Casting: Foxfire (safe; 1% risk of failure)
Confirm with . or Enter, or press ? or * to list all spells.
Aiming: Inner Flame (dangerous; 3% risk of failure)
Press: ? - help, Dir - move target, f - acid dragon
Aim: an acid dragon (asleep, chance to affect: 84%)
The acid dragon roars!
The acid dragon is filled with an inner flame.
The acid dragon spits acid at you. The splash of acid hits you!!
Ouch! That really hurt!
* * * LOW HITPOINT WARNING * * *
The acid corrodes you! The acid dragon spits acid at you.
The splash of acid hits you!
* * * LOW HITPOINT WARNING * * *
The acid corrodes you!
You feel much better. The acid dragon spits acid at you.
The splash of acid hits you!!!
Ouch! That really hurt!
You die...

######..............#..#
#..###.............
########.D..^.........#.##
..................#.#.#.##
..........................
########..##..............
#.............#.#.#.##
####...#.#............
#######.@.#.##...#.#.#.##
...................#.#.##
#######...#.#############
########...#....#
...........#......#
.#######.#.#........
#.....###.... #.#.#.# ##..
#.#.#.# #


You could see an acid dragon (inner flame, catching breath).

Vanquished Creatures
  An ogre (D:4)
  A phantom (D:5)
  A hound (D:4)
  An orc priest (D:3)
  An iguana (D:5)
  6 adders
  3 gnolls (D:5)
  5 worms
  A dart slug (D:2)
  5 orcs
  3 ball pythons
  9 bats
  3 endoplasms
  5 giant cockroaches
  5 hobgoblins
  3 jackals (D:2)
  5 quokkas
  9 frilled lizards
  3 goblins
  4 kobolds
  4 rats (D:1)
78 creatures vanquished.

Vanquished Creatures (others)
  159 foxfires
159 creatures vanquished.

Grand Total: 237 creatures vanquished

Notes
Turn   | Place    | Note
-------+----------+-------------------------------------------
     0 | D:1      | unlimited1921 the Djinni Fire Elementalist began the quest
                  | for the Orb.
     0 | D:1      | Reached XP level 1. HP: 15/15 MP: 0/0
   412 | D:1      | Reached XP level 2. HP: 16/21 MP: 0/0
  1675 | D:1      | Reached skill level 3 in Spellcasting
  2011 | D:1      | Reached XP level 3. HP: 22/25 MP: 0/0
  2011 | D:1      | Learned a level 1 spell: Magic Dart
  3043 | D:2      | Found a faded altar of an unknown god.
  3348 | D:2      | Reached XP level 4. HP: 21/31 MP: 0/0
  4068 | D:3      | Found Ciehoym's Magic Scroll Shoppe.
  4076 | D:3      | Bought a scroll of fear for 42 gold pieces
  4076 | D:3      | Bought a scroll of identify for 24 gold pieces
  4439 | D:3      | Reached skill level 1 in Armour
  4439 | D:3      | Reached XP level 5. HP: 24/35 MP: 0/0
  4439 | D:3      | Learned a level 2 spell: Ensorcelled Hibernation
  4744 | D:3      | Found Elinaos's Armour Shoppe.
  5100 | D:3      | Found Zoeru's Distillery.
  5104 | D:3      | Bought a potion of heal wounds for 60 gold pieces
  5157 | D:3      | Reached skill level 4 in Spellcasting
  5661 | D:3      | Found Oceobouwk's General Store.
  5664 | D:3      | Found Vobuix's Antique Weapon Shoppe.
  5686 | D:3      | Bought a scroll of identify for 28 gold pieces
  5756 | D:3      | Found an iron altar of Okawaru.
  5856 | D:4      | Noticed an ogre
  5859 | D:4      | Killed an ogre
  5860 | D:4      | Reached XP level 6. HP: 18/40 MP: 0/0
  6706 | D:5      | Entered Level 5 of the Dungeon
  6869 | D:5      | Reached XP level 7. HP: 30/45 MP: 0/0
  6869 | D:5      | Learned a level 3 spell: Mephitic Cloud
  6927 | D:5      | Reached skill level 5 in Spellcasting
  7262 | D:5      | Noticed an acid dragon
  7269 | D:5      | HP: 1/45 [acid dragon/splash of acid (8)]
  7273 | D:5      | Killed from afar by an acid dragon

Illustrated notes

Levels and vault maps discovered:
D:1:      minmay_arrival_four_circles, layout_loops_cross,
          minmay_misc_feat_nine_boxes
D:2:      layout_rooms, hellmonk_ecumenical_altar_heavens_door,
          kennysheep_small_spiral
D:3:      layout_loops_corners, mainiacjoe_overflow_alcove_4, serial_shops,
          shop, nicolae_shop_window_shopping,
          nicolae_shop_temple_entry_statues_fountains, shop,
          nicolae_shop_behind_doors, gup_sewer_entry_bubbles, serial_park_tiny_1
D:4:      layout_cave_pools, kennysheep_crisscross
D:5:      layout_basic, serial_curves, eino_curves_01, eino_curves_02,
          eino_curves_01, eino_curves_02, minmay_manual_mares

Skill      XL: |  1  2  3  4  5  6  7 |
---------------+----------------------+-----
Spellcasting   | 3 4 5 |  5.0
Armour         | 1 2 |  2.4
Stealth        | 2 |  2.3
Short Blades   | |  0.6
Throwing       | |  0.1
Dodging        | |  2.4

Action                   |  1- 3 |  4- 6 |  7- 9 || total
-------------------------+-------+-------+-------++-------
Melee: Rapier            |       |    25 |       ||    25
Throw: Boomerang         |       |     4 |       ||     4
 Cast: Foxfire           |    64 |    36 |     3 ||   103
       Scorch            |    11 |    25 |     1 ||    37
       Inner Flame       |       |     8 |     2 ||    10
       Mephitic Cloud    |       |       |     1 ||     1
  Use: Scroll            |       |     4 |       ||     4
       Potion            |       |     1 |     1 ||     2
Armor: Robe              |     1 |       |       ||     1
       Leather armour    |       |     3 |       ||     3
Dodge: Dodged            |     8 |     9 |       ||    17
